 Dungeon Crawl Stone Soup version 0.28-a0-1152-g9c71ebef14 (webtiles) character file.

Game seed: 17400052034856439163

145 Redcow54321 the Shield-Bearer (level 5, -5/47 HPs)
             Began as a Gnoll Fighter on Dec 14, 2021.
             Slain by a gnoll sergeant (11 damage)
             ... on level 5 of the Dungeon.
             The game lasted 00:03:17 (2378 turns).

Redcow54321 the Shield-Bearer (Gnoll Fighter)       Turns: 2378, Time: 00:03:18

Health: -5/47      AC:  9    Str: 17    XL:     5   Next: 27%
Magic:  7/7        EV: 10    Int:  7    God:
Gold:   164        SH:  5    Dex: 12    Spells: 6/6 levels left

rFire   . . .      SeeInvis .   a - +0 long sword
rCold   . . .      Faith    .   c - +0 buckler
rNeg    . . .      Spirit   .   b - +0 scale mail
rPois   .          Reflect  .   (no helmet)
rElec   .          Harm     .   i - +0 cloak
rCorr   .          Rampage  .   (no gloves)
Will    .....                   (no boots)
Stlth   ..........              (no amulet)
HPRegen 0.15/turn               (no ring)
MPRegen 0.10/turn               (no ring)

@: no status effects
A: fangs 1, strong nose, distributed training
a: no special abilities


You were on level 5 of the Dungeon.
You visited 1 branch of the dungeon, and saw 5 of its levels.

You collected 164 gold pieces.

Inventory:

Hand Weapons
 a - a +0 long sword (weapon)
Armour
 b - a +0 scale mail (worn)
 c - a +0 buckler (worn)
 i - a +0 cloak (worn)
Jewellery
 o - a +6 ring of dexterity
Scrolls
 f - a scroll of identify {unknown}
 g - a scroll of enchant armour {unknown}
 l - 4 scrolls of teleportation {unknown}
 m - a scroll of enchant weapon {unknown}
Potions
 d - a potion of might
 e - a potion of brilliance {unknown}
 h - a potion of berserk rage {unknown}
 j - a potion of mutation {unknown}
 k - a potion of heal wounds {unknown}
 n - a potion of cancellation {unknown}


   Skills:
 + Level 6.7 Fighting
 + Level 1.4 Short Blades
 + Level 4.7 Long Blades
 + Level 1.4 Axes
 + Level 1.4 Maces & Flails
 + Level 1.4 Polearms
 + Level 1.4 Staves
 + Level 1.4 Slings
 + Level 1.4 Bows
 + Level 1.4 Crossbows
 + Level 1.4 Throwing
 + Level 6.7 Armour
 + Level 1.4 Dodging
 + Level 1.4 Stealth
 + Level 6.7 Shields
 + Level 1.4 Unarmed Combat
 + Level 1.4 Spellcasting
 + Level 1.1 Conjurations
 + Level 1.1 Hexes
 + Level 1.1 Summonings
 + Level 1.1 Necromancy
 + Level 1.1 Translocations
 + Level 1.1 Transmutations
 + Level 1.1 Fire Magic
 + Level 1.1 Ice Magic
 + Level 1.1 Air Magic
 + Level 1.1 Earth Magic
 + Level 1.1 Poison Magic
 + Level 1.6 Invocations
 + Level 1.4 Evocations


You had 6 spell levels left.
You didn't know any spells.
Your spell library contained the following spells:

 Spells                   Type           Power      Damage    Failure   Level
 Ensorcelled Hibernation  Hex/Ice        4%         N/A       75%         2
 Ozocubu's Armour         Ice            2%         N/A       92%         3
 Tukima's Dance           Hex            2%         N/A       92%         3
 Ozocubu's Refrigeration  Ice            1%         4d5       100%        7


Dungeon Overview and Level Annotations

Branches:
Dungeon (5/15)
 Temple: D:4-7

Altars:
Trog

Annotations:
D:3 3 runed translucent doors, SensoryNuts's ghost, amateur DsGl; ytrimaz's ghost, amateur OpTm


Innate Abilities, Weirdness & Mutations

You have very sharp teeth.
Your uncanny sense of smell can sniff out nearby items.
Your experience applies equally to all skills.


Message History

The gnoll sergeant hits you with a +0 spear.
The gnoll sergeant barely misses you.
You hit the gnoll sergeant.
The gnoll sergeant is heavily wounded.
The gnoll sergeant hits you but does no damage.
You hit the gnoll sergeant but do no damage.
You bite the gnoll sergeant.
The gnoll sergeant is heavily wounded.
The gnoll sergeant hits you but does no damage.
You hit the gnoll sergeant but do no damage.
You bite the gnoll sergeant, but do no damage.
The gnoll sergeant is heavily wounded.
The gnoll sergeant hits you with a +0 spear!
You hit the gnoll sergeant but do no damage.
The gnoll sergeant is heavily wounded.
The gnoll sergeant closely misses you.
You hit the gnoll sergeant.
You bite the gnoll sergeant, but do no damage.
The gnoll sergeant is heavily wounded.
The gnoll sergeant hits you but does no damage.
You hit the gnoll sergeant. Your bite misses the gnoll sergeant.
The gnoll sergeant is heavily wounded.
The gnoll sergeant hits you with a +0 spear.
You hit the gnoll sergeant but do no damage.
The gnoll sergeant is heavily wounded.
The gnoll sergeant completely misses you.
The gnoll sergeant hits you with a +0 spear!
* * * LOW HITPOINT WARNING * * *
You closely miss the gnoll sergeant.
You bite the gnoll sergeant, but do no damage.
The gnoll sergeant is heavily wounded.
The gnoll sergeant hits you but does no damage.
You hit the gnoll sergeant.
The gnoll sergeant is severely wounded.
The gnoll sergeant hits you with a +0 spear.
* * * LOW HITPOINT WARNING * * *
You hit the gnoll sergeant.
The gnoll sergeant is severely wounded.
The gnoll sergeant hits you with a +0 spear!
You die...

##..........#..#
##............... .
#####................ ..
.....................
... #..................
....##.<............#.
#.........##....##
..###.......####...##..
...........##.g@.......#
..#........##..'.......#
......###...####........
.....# #....# ...#.....
#.... ##........#.....
#.... ######..#.....
###. #... ...# ..#.


You could see a gnoll sergeant.

Vanquished Creatures
  A howler monkey (D:4)
  A hound (D:4)
  An adder (D:3)
  2 adder skeletons
  2 worms
  A dart slug (D:2)
  3 ball pythons
  4 endoplasms
  A giant cockroach (D:1)
  3 goblins
  3 hobgoblins (D:1)
  7 jackals
  5 kobolds
  4 quokkas
  2 bats
  4 frilled lizards
  7 rats
51 creatures vanquished.

Vanquished Creatures (others)
  A hobgoblin (D:2)
  5 withered plants (D:3)
6 creatures vanquished.

Grand Total: 57 creatures vanquished

Notes
Turn   | Place    | Note
-------+----------+-------------------------------------------
     0 | D:1      | Redcow54321 the Gnoll Fighter began the quest for the Orb.
     0 | D:1      | Reached XP level 1. HP: 23/23 MP: 1/1
   134 | D:1      | Reached XP level 2. HP: 22/29 MP: 2/2
   591 | D:1      | Reached XP level 3. HP: 31/35 MP: 3/3
   715 | D:2      | Found a bloodstained altar of Trog.
   961 | D:2      | Reached skill level 1 in Invocations
  1171 | D:2      | Reached skill level 1 in Short Blades
  1171 | D:2      | Reached skill level 1 in Axes
  1171 | D:2      | Reached skill level 1 in Maces & Flails
  1171 | D:2      | Reached skill level 1 in Polearms
  1171 | D:2      | Reached skill level 1 in Staves
  1171 | D:2      | Reached skill level 1 in Slings
  1171 | D:2      | Reached skill level 1 in Bows
  1171 | D:2      | Reached skill level 1 in Crossbows
  1171 | D:2      | Reached skill level 1 in Throwing
  1171 | D:2      | Reached skill level 1 in Dodging
  1171 | D:2      | Reached skill level 1 in Stealth
  1171 | D:2      | Reached skill level 1 in Unarmed Combat
  1171 | D:2      | Reached skill level 1 in Spellcasting
  1171 | D:2      | Reached skill level 1 in Evocations
  1566 | D:3      | Found a runed translucent gate.
  1566 | D:3      | Found a runed translucent gate.
  1566 | D:3      | Found a runed translucent gate.
  1567 | D:3      | Noticed SensoryNuts's ghost (amateur DsGl)
  1568 | D:3      | Noticed ytrimaz's ghost (amateur OpTm)
  1605 | D:3      | Reached XP level 4. HP: 35/41 MP: 5/5
  1773 | D:3      | Found a faded altar of an unknown god.
  2324 | D:4      | Reached skill level 1 in Conjurations
  2324 | D:4      | Reached skill level 1 in Hexes
  2324 | D:4      | Reached skill level 1 in Summonings
  2324 | D:4      | Reached skill level 1 in Necromancy
  2324 | D:4      | Reached skill level 1 in Translocations
  2324 | D:4      | Reached skill level 1 in Transmutations
  2324 | D:4      | Reached skill level 1 in Fire Magic
  2324 | D:4      | Reached skill level 1 in Ice Magic
  2324 | D:4      | Reached skill level 1 in Air Magic
  2324 | D:4      | Reached skill level 1 in Earth Magic
  2324 | D:4      | Reached skill level 1 in Poison Magic
  2328 | D:4      | Reached XP level 5. HP: 47/47 MP: 6/6
  2337 | D:5      | Entered Level 5 of the Dungeon
  2378 | D:5      | Slain by a gnoll sergeant

Illustrated notes

Levels and vault maps discovered:
D:1:      eino_arrival_water_star, layout_basic, serial_forest,
          infiniplex_forest_end_2, infiniplex_forest_lined_4_way,
          infiniplex_forest_straight_1, infiniplex_forest_lined_ring,
          infiniplex_forest_clump_curved, infiniplex_forest_join,
          minmay_domino_2
D:2:      layout_rooms, basic_altar, lemuel_flame_loot_1
D:3:      layout_basic, hellmonk_ecumenical_altar_leap_of_faith,
          gammafunk_ghost_cemetery
D:4:      layout_rooms, gammafunk_temple_overflow_wave,
          minmay_temple_entry_statues_pillars, grunt_decor_junction
D:5:      minmay_spotlight, layout_cave_pools, gup_sewer_entry_spiral,
          serial_gnoll_camp, gnoll_camp_huts_moat, gnoll_camp_mini_house,
          gnoll_camp_mini_hut, gnoll_camp_mini_basic, gnoll_camp_medium_01,
          kennysheep_crisscross, nicolae_concentric_dashed_squares_mild,
          nicolae_wooded_promenade

Skill      XL: |  1  2  3  4 |
---------------+-------------+-----
Invocations    | 1 |  1.6
Short Blades   | 1 |  1.4
Axes           | 1 |  1.4
Maces & Flails | 1 |  1.4
Polearms       | 1 |  1.4
Staves         | 1 |  1.4
Slings         | 1 |  1.4
Bows           | 1 |  1.4
Crossbows      | 1 |  1.4
Throwing       | 1 |  1.4
Dodging        | 1 |  1.4
Stealth        | 1 |  1.4
Unarmed Combat | 1 |  1.4
Spellcasting   | 1 |  1.4
Evocations     | 1 |  1.4
Conjurations   | 1 |  1.1
Hexes          | 1 |  1.1
Summonings     | 1 |  1.1
Necromancy     | 1 |  1.1
Translocations | 1 |  1.1
Transmutations | 1 |  1.1
Fire Magic     | 1 |  1.1
Ice Magic      | 1 |  1.1
Air Magic      | 1 |  1.1
Earth Magic    | 1 |  1.1
Poison Magic   | 1 |  1.1
Fighting       | |  6.7
Long Blades    | |  4.7
Armour         | |  6.7
Shields        | |  6.7

Action                   |  1- 3 |  4- 6 || total
-------------------------+-------+-------++-------
Melee: Long sword        |   126 |    55 ||   181
       Bite              |     8 |    11 ||    19
Armor: Scale mail        |    69 |    15 ||    84
Dodge: Dodged            |    55 |    23 ||    78
Block: Buckler           |    34 |    10 ||    44

Table legend: (Time is in decaauts)
 A = Elapsed time spent in this place.
 B = Non-inter-level travel time spent in this place.
 C = Inter-level travel time spent in this place.
 D = Time resting spent in this place.
 E = Time spent auto-exploring this place.
 F = Levels seen in this place.
 G = Mean time per level.
                   A        B        C        D        E       F      G
               +--------+--------+--------+--------+--------+-----+--------+
         Total |   2410 |   2370 |     40 |      0 |   1971 |   5 |  482.0 |
       Dungeon |   2410 |   2370 |     40 |      0 |   1971 |   5 |  482.0 |
               +--------+--------+--------+--------+--------+-----+--------+

Top non-repeatable levels by time:
     D:2: 846 daAuts
     D:3: 754 daAuts
     D:1: 727 daAuts
     D:5: 43 daAuts
     D:4: 39 daAuts
